AoeStats
← spike

Fortress

508955132Analyzed
2v2 RM · 6d ago on Sep 24, 2026· 47m 0s· 4 players
Game mode
Random Map
Map size
Normal (6 player)
Population
200
Speed
Normal
Resources
Standard
Victory
Conquest
Starting age
Dark Age
Ending age
Imperial Age
RankedLock teamsTeams togetherTeam positionsShared explorationLock speedFull tech treeHidden civsTurbo modeCheats
Victory
Defeat
🇦🇷 Berbers · Argentina
549
+11
🇦🇷 Persians · Argentina
542
+12
🇦🇹 Burgundians · Austria
451
-12
🇦🇹 Persians · Austria
440
-11
spike
9:10 Feudal Age
9:30 Double-Bit Axe
10:23 Wheelbarrow
9:41 Man-at-Arms
10:07 Arson
14:52 Bloodlines
19:46 Castle Age
18:39 Gold Mining
18:40 Stone Mining
18:47 Stone Mining
19:04 Scale Mail Armor
19:54 Horse Collar
20:29 Husbandry
22:36 Gold Shaft Mining
22:49 Scale Barding Armor
25:04 Chain Barding Armor
25:16 Forging
27:15 Hand Cart
28:06 Stone Shaft Mining
27:35 Kamandaran
28:27 Caravan
31:02 Bow Saw
31:32 Iron Casting
36:25 Bloodlines
44:58 Imperial Age
flisk
2:41 Double-Bit Axe
4:35 Wheelbarrow
4:18 Horse Collar
9:23 Feudal Age
8:04 Loom
10:44 Bow Saw
10:46 Gold Mining
13:19 Heavy Plow
13:28 Scale Barding Armor
14:36 Hand Cart
14:36 Town Watch
18:06 Caravan
20:31 Castle Age
20:25 Scale Mail Armor
21:10 Gold Shaft Mining
20:26 Stone Mining
20:33 Stone Mining
22:10 Town Patrol
23:50 Stone Shaft Mining
24:56 Burgundian Vineyards
24:48 Pikeman
27:26 Two-Man Saw
30:50 Imperial Age
28:31 Husbandry
28:17 Cavalier
31:07 Squires
31:31 Chain Barding Armor
32:55 Chemistry
33:37 Plate Barding Armor
33:58 Crop Rotation
44:37 Elite Coustillier
Guichu91
2:46 Loom
8:24 Feudal Age
9:34 Wheelbarrow
8:49 Double-Bit Axe
8:50 Horse Collar
9:49 Gold Mining
16:48 Castle Age
16:26 Stone Mining
17:30 Hand Cart
17:18 Heavy Plow
17:31 Bow Saw
18:09 Gold Shaft Mining
24:02 Caravan
24:35 Kamandaran
24:38 Padded Archer Armor
28:27 Leather Archer Armor
28:33 Thumb Ring
27:51 Crossbowman
32:40 Imperial Age
30:02 Town Watch
30:17 Fletching
31:09 Stone Shaft Mining
31:34 Bodkin Arrow
32:36 Scale Barding Armor
32:42 Forging
32:56 Masonry
32:42 Murder Holes
33:08 Ballistics
33:38 Crop Rotation
34:47 Husbandry
34:59 Bloodlines
34:13 Cavalier
35:54 Conscription
36:52 Ring Archer Armor
37:38 Savar
39:37 Two-Man Saw
39:57 Hoardings
39:49 Chain Barding Armor
40:05 Iron Casting
39:46 Guilds
41:18 Chemistry
40:49 Architecture
43:19 Elite War Elephant
GoldenGacela
2:10 Loom
8:29 Feudal Age
9:11 Double-Bit Axe
11:15 Wheelbarrow
10:28 Horse Collar
11:14 Man-at-Arms
12:24 Gold Mining
12:26 Stone Mining
13:50 Scale Mail Armor
14:54 Scale Barding Armor
15:53 Bloodlines
20:11 Castle Age
20:01 Forging
20:35 Town Watch
20:55 Long Swordsman
22:08 Bow Saw
25:10 Heavy Plow
25:48 Gold Shaft Mining
29:37 Hand Cart
33:52 Imperial Age
33:52 Pikeman
34:59 Kasbah
35:34 Capped Ram
38:49 Heavy Camel Rider
40:29 Elite Camel Archer
41:28 Chain Mail Armor
Connection lost

Rejoining the realm…

Still unreachable

The connection could not be restored.

Session expired

The server has moved on; the page needs a fresh start.